 Dungeon Crawl Stone Soup version 0.19.5 (webtiles) character file.

1004 Azzok the Fighter (level 8, -1/82 HPs)
             Began as a Minotaur Fighter on July 7, 2017.
             Was an Initiate of Okawaru.
             Killed by nerve-wracking pain
             ... invoked by Menkaure
              (12 damage)
             ... on level 6 of the Dungeon.
             The game lasted 00:06:33 (3123 turns).

Azzok the Fighter (Minotaur Fighter)                Turns: 3123, Time: 00:06:33

Health: -1/82      AC: 10    Str: 21    XL:     8   Next: 0%
Magic:  7/7        EV:  7    Int:  5    God:    Okawaru [......]
Gold:   196        SH:  9    Dex: 12    Spells: 0 memorised, 7 levels left

rFire  . . .     SeeInvis .     g - +2 hand axe (freeze)
rCold  + . .     Gourm    .     b - +0 scale mail
rNeg   . . .     Faith    .     c - +0 shield
rPois  .         Spirit   .     (helmet restricted)
rElec  .         Reflect  .     w - +2 cloak
rCorr  .         Harm     .     (no gloves)
MR     .....                    (no boots)
Stlth  ..........               (no amulet)
                                (no ring)
                                o - ring of protection from cold

@: no status effects
A: retaliatory headbutt, horns 2
a: Renounce Religion


You were on level 6 of the Dungeon.
You worshipped Okawaru.
Okawaru was noncommittal.
You were not hungry.

You visited 2 branches of the dungeon, and saw 7 of its levels.

You collected 207 gold pieces.
You spent 11 gold pieces at shops.

Inventory:

Hand Weapons
 a - a +0 long sword
 g - a +2 hand axe of freezing (weapon)
 v - a +4 quarterstaff of chaos
Missiles
 m - 46 arrows
Armour
 b - a +0 scale mail (worn)
 c - a +0 shield (worn)
 w - a +2 cloak (worn)
Jewellery
 o - a ring of protection from cold (left hand)
Wands
 i - a wand of confusion (19/48)
Scrolls
 e - 7 scrolls of identify {unknown}
 j - 4 scrolls of magic mapping {unknown}
 l - a scroll of fog {unknown}
 n - 2 scrolls of teleportation {unknown}
 p - 3 scrolls of remove curse {unknown}
 q - 4 scrolls of noise {unknown}
 u - 2 scrolls of random uselessness {unknown}
 y - a scroll of enchant armour {unknown}
Potions
 d - 2 potions of might
 h - a potion of heal wounds {unknown}
 k - a potion of curing {unknown}
 r - a potion of cure mutation {unknown}
 s - 2 potions of ambrosia {unknown}
 t - a potion of haste
 z - a potion of resistance {unknown}
 B - a potion of brilliance {unknown}
Comestibles
 f - 2 bread rations {@e1}
 x - a meat ration {@e2}
 A - 5 chunks of flesh {@w0}


   Skills:
 * Level 11.4 Fighting
 - Level 2.4 Long Blades
 - Level 3.6 Armour
 - Level 3.6 Shields
 + Level 0.0 Invocations


You had 7 spell levels left.
You didn't know any spells.

Dungeon Overview and Level Annotations

Branches:
Dungeon (7/15)             Temple (1/1) D:6

Altars:
Ashenzari
Cheibriados
Dithmenos
Elyvilon
Fedhas
Gozag
Hepliaklqana
Kikubaaqudgha
Makhleb
Nemelex Xobeh
Okawaru
Qazlal
Ru
Sif Muna
Trog
Uskayaw
Vehumet
Xom
Yredelemnul
Zin
The Shining One

Shops:
D:4 !

Annotations:
D:6 Menkaure


Innate Abilities, Weirdness & Mutations

You reflexively headbutt those who attack you in melee.
You have a pair of horns on your head.


Message History

You hit Menkaure. You freeze Menkaure.
Menkaure is lightly damaged.
Menkaure hits you but does no damage.
You hit Menkaure.
Menkaure is moderately damaged.
Menkaure casts a spell.
Menkaure seems to speed up.
You barely miss Menkaure.
Menkaure is moderately damaged.
Menkaure hits you!
* * * LOW HITPOINT WARNING * * *
Menkaure calls on the powers of darkness!
Your body is wracked with pain!
* * * LOW HITPOINT WARNING * * *
You take 17 damage, and have 11/82 hp.
MASSIVE DAMAGE!!
You slash Menkaure!
Menkaure is heavily damaged.
Menkaure points at you and mumbles some strange words.
Pain shoots through your body!
You die...

▒▒▒▒▒·▒▒··▒▒▒▒········
▒·····▒▒···········▒▒▒
·(·······▒▒▒▒▒▒▒▒·▒
▒·▒·▒▒··▒ ·▒
▒·▒···▒▒··▒ ▒
▒·········▒
▒·▒▒▒▒▒··▒▒ ▒··▒ ▒@·▒
▒M▒▒ ▒·· ···▒ ▒▒▒▒


You could see Menkaure.

Vanquished Creatures
  A gargoyle (D:6)
  2 ice beasts (D:6)
  A phantom (D:7)
  An ogre (D:6)
  A crimson imp (D:6)
  Crazy Yiuf (D:2)
  A hound (D:3)
  Terence (D:3)
  Ijyb (D:3)
  A hound skeleton (D:7)
  A hound zombie (D:6)
  A worker ant zombie (D:7)
  3 gnolls (D:6)
  5 adders
  An adder zombie (D:7)
  3 worms
  4 dart slugs
  4 leopard geckos
  3 orcs
  A ball python (D:2)
  10 bats
  3 giant cockroaches
  4 hobgoblins (D:1)
  3 jackals (D:3)
  A quokka (D:3)
  2 frilled lizards
  12 goblins
  4 kobolds
  9 rats
85 creatures vanquished.

Notes
Turn   | Place    | Note
-------+----------+-------------------------------------------
     0 | D:1      | Azzok the Minotaur Fighter began the quest for the Orb.
     0 | D:1      | Reached XP level 1. HP: 19/19 MP: 0/0
   110 | D:1      | Reached skill level 4 in Fighting
   168 | D:1      | Reached XP level 2. HP: 20/28 MP: 1/1
   558 | D:2      | Reached skill level 5 in Fighting
   558 | D:2      | Reached XP level 3. HP: 24/36 MP: 2/2
  1067 | D:2      | Reached XP level 4. HP: 30/44 MP: 3/3
  1218 | D:2      | Reached skill level 6 in Fighting
  1280 | D:2      | Found a runed door.
  1284 | D:2      | Noticed Crazy Yiuf
  1287 | D:2      | Killed Crazy Yiuf
  1733 | D:3      | Reached XP level 5. HP: 50/51 MP: 4/4
  1734 | D:3      | Reached skill level 7 in Fighting
  1878 | D:3      | Noticed Terence
  1889 | D:3      | Killed Terence
  1976 | D:3      | Noticed Ijyb
  1987 | D:3      | Killed Ijyb
  2399 | D:4      | Found Comiam's Distillery.
  2407 | D:4      | Bought a potion of degeneration for 11 gold pieces
  2698 | D:4      | You fall through a shaft for 3 floors!
  2703 | D:7      | Reached skill level 8 in Fighting
  2709 | D:7      | Noticed a phantom
  2748 | D:7      | Killed a phantom
  2748 | D:7      | Reached XP level 6. HP: 40/62 MP: 5/5
  2838 | D:6      | Noticed an ice beast
  2838 | D:6      | Noticed a gargoyle
  2848 | D:6      | Killed a gargoyle
  2848 | D:6      | Reached skill level 10 in Fighting
  2848 | D:6      | Reached XP level 7. HP: 37/72 MP: 6/6
  2889 | D:6      | Reached skill level 11 in Fighting
  2969 | D:6      | Reached XP level 8. HP: 40/82 MP: 7/7
  3008 | D:6      | Found a staircase to the Ecumenical Temple.
  3012 | Temple   | Entered the Ecumenical Temple
  3049 | Temple   | Became a worshipper of Warmaster Okawaru
  3116 | D:6      | Noticed Menkaure
  3123 | D:6      | Killed from afar by Menkaure

Skill      XL: |  1  2  3  4  5  6  7 |
---------------+----------------------+-----
Fighting       | 4 5 6 8 10 11 | 11.4
Long Blades    | |  2.4
Armour         | |  3.6
Shields        | |  3.6

Action                   |  1- 3 |  4- 6 |  7- 9 || total
-------------------------+-------+-------+-------++-------
Melee: Long sword        |    83 |    64 |       ||   147
       Headbutt          |     9 |    25 |     6 ||    40
       Hand axe          |       |    61 |    27 ||    88
  Use: Potion            |       |     1 |       ||     1
  Eat: Chunk             |     1 |     5 |     1 ||     7
Armor: Scale mail        |    34 |    50 |    13 ||    97
Dodge: Dodged            |    31 |    41 |     8 ||    80
Block: Shield            |    40 |    54 |     8 ||   102
       Rpst.: Long sword |    11 |     6 |       ||    17
